 Dungeon Crawl Stone Soup version 0.24.0-125-gc4c63601f3 (webtiles) character file.

Game seed: 2515119915004254428, levelgen mode: deterministic

280 Frank2 the Cudgeler (level 6, 0/46 HPs)
             Began as a Demonspawn Gladiator on Mar 5, 2020.
             Succumbed to a scorpion's poison
             ... on level 4 of the Dungeon.
             The game lasted 00:03:04 (2307 turns).

Frank2 the Cudgeler (Demonspawn Gladiator)          Turns: 2307, Time: 00:03:05

Health: 0/46       AC:  7    Str: 12 (14) XL:     6   Next: 5%
Magic:  6/6        EV: 12    Int:  6 (9)  God:
Gold:   159        SH:  0    Dex: 14 (17) Spells: 5/5 levels left

rFire    . . .     SeeInvis .   a - +0 flail
rCold    . . .     Gourm    .   (no shield)
rNeg     . . .     Faith    .   q - +0 ring mail
rPois    +         Spirit   +   c - +0 helmet
rElec    .         Reflect  .   w - +0 cloak
rCorr    .         Harm     .   (no gloves)
MR       .....     Rnd*Tele +   (no boots)
Stlth    +.........             (no amulet)
HPRegen  0.15/turn              b - ring of teleportation (curse)
MPRegen  0.10/turn              s - ring of poison resistance

@: lethally poisoned (0 -> -5), flying
A: foul stench 1, magic shield, rot immunity
a: no special abilities


You were on level 4 of the Dungeon.
You were hungry.

You visited 1 branch of the dungeon, and saw 4 of its levels.

You collected 159 gold pieces.

Inventory:

Hand Weapons
 a - a +0 flail (weapon)
Missiles
 d - 2 throwing nets (quivered)
Armour
 c - a +0 helmet (worn)
 q - a +0 ring mail (worn)
 w - a +0 cloak (worn)
Jewellery
 b - a cursed ring of teleportation (left hand)
 s - a ring of poison resistance (right hand)
 t - an uncursed ring of protection from fire {unknown}
 y - an uncursed ring of see invisible {unknown}
Wands
 k - a wand of digging (5)
Scrolls
 e - a scroll of immolation {unknown}
 h - 2 scrolls of random uselessness {unknown}
 i - 4 scrolls of remove curse {unknown}
 j - a scroll of amnesia {unknown}
 m - a scroll of identify {unknown}
 n - 3 scrolls of teleportation {unknown}
 p - 2 scrolls of fog {unknown}
 v - a scroll of blinking {unknown}
 x - a scroll of enchant armour {unknown}
Comestibles
 f - 9 rations


   Skills:
 + Level 2.9 Fighting
 + Level 4.7 Maces & Flails
 - Level 1.7 Throwing
 + Level 2.0 Armour
 + Level 3.6 Dodging


You had 5 spell levels left.
You didn't know any spells.
Your spell library contained the following spells:

 Spells                   Type           Power        Failure   Level  Hunger
 Blink                    Tloc           N/A          86%         2    ###....
 Shroud of Golubria       Chrm/Tloc      #.....       86%         2    ###....
 Gell's Gravitas          Tloc           #.........   97%         3    ####...
 Lesser Beckoning         Tloc           #.........   97%         3    ####...
 Teleport Other           Tloc           #.......     97%         3    ####...
 Passage of Golubria      Tloc           N/A          100%        4    #####..


Dungeon Overview and Level Annotations

Branches:
Dungeon (4/15)
 Temple: D:4-7

Altars:
Cheibriados
Nemelex Xobeh
Trog
Wu Jian
Yredelemnul


Innate Abilities, Weirdness & Mutations

You may emit foul miasma when damaged in melee.
When hurt, damage is shared between your health and your magic reserves.
You are immune to rotting.


Message History

It was a potion of flight.
You feel very buoyant.
You fly up into the air.
* * * LOW HITPOINT WARNING * * *
You feel sick.
You feel slightly jumpy.
Oops, that ring feels deathly cold.
b - a cursed ring of teleportation (left hand)
s - a ring of poison resistance (right hand)
* * * LOW HITPOINT WARNING * * *
You feel sick.
Okay, then.
There is a lethal amount of poison in your body!
* * * LOW HITPOINT WARNING * * *
You feel sick.
Unknown command.
* * * LOW HITPOINT WARNING * * *
You feel sick.
* * * LOW HITPOINT WARNING * * *
You feel sick.
You die...

#.........
#.........
#.........
#.........
#......... .. .##
#......... ##..
#...##........#
#..# #....@....#
##..# ###...#####
##...# ###.#
#...# #.## ##...#
# ##.## #...†####
#..# ###...†..[.
##.####....######
##.#...####
#...###


There were no monsters in sight!

Vanquished Creatures
  2 scorpions (D:4)
  An orc priest (D:4)
  A worker ant (D:4)
  4 adders
  2 oozes
  2 worms (D:2)
  2 dart slugs
  3 leopard geckos
  4 orcs (D:4)
  7 bats
  8 giant cockroaches
  7 goblins
  4 hobgoblins
  6 jackals
  3 kobolds
  A quokka (D:2)
  A ball python (D:1)
  6 frilled lizards
  5 rats
69 creatures vanquished.

Notes
Turn   | Place    | Note
-------+----------+-------------------------------------------
     0 | D:1      | Frank2 the Demonspawn Gladiator began the quest for the
                  | Orb.
     0 | D:1      | Reached XP level 1. HP: 16/16 MP: 1/1
    58 | D:1      | Gained mutation: You are immune to rotting. [demonic
                  | ancestry]
    58 | D:1      | Reached XP level 2. HP: 22/22 MP: 2/2
    79 | D:1      | Reached skill level 3 in Maces & Flails
   409 | D:2      | Found a snail-covered altar of Cheibriados.
   409 | D:2      | Found a bloodstained altar of Trog.
   409 | D:2      | Found an ornate altar of the Wu Jian Council.
   410 | D:2      | Reached XP level 3. HP: 27/27 MP: 3/3
   513 | D:2      | Found a sparkling altar of Nemelex Xobeh.
   702 | D:2      | Reached XP level 4. HP: 24/33 MP: 4/4
   817 | D:2      | Found a basalt altar of Yredelemnul.
  1263 | D:3      | Found a bloodstained altar of Trog.
  1309 | D:3      | Reached skill level 4 in Maces & Flails
  1677 | D:4      | Reached skill level 1 in Armour
  1688 | D:4      | Gained mutation: When hurt, damage is shared between your
                  | health and your magic reserves. [demonic ancestry]
  1688 | D:4      | Reached XP level 5. HP: 13/39 MP: 5/5
  2293 | D:4      | Gained mutation: You may emit foul miasma when damaged in
                  | melee. [demonic ancestry]
  2293 | D:4      | Reached XP level 6. HP: 10/46 MP: 2/6
  2302 | D:4      | HP: 2/46 [poisoned by a scorpion]
  2307 | D:4      | Succumbed to a scorpion's poison

Levels and vault maps discovered:
D:1:      lightli_arrival_statue_moat, layout_rooms
D:2:      layout_loops_cross, nicolae_overflow_hidden_temple, marbit_many_paths,
          nemelex_xobeh_ov_fountains_minmay, grunt_temple_overflow_open
D:3:      layout_rooms, kennysheep_flooded_box, lemuel_altar_in_water
D:4:      layout_cave_pods, first_ration

Skill      XL: |  1  2  3  4  5 |
---------------+----------------+-----
Dodging        | 3 |  3.6
Maces & Flails | 3 4 |  4.7
Armour         | 1 2 |  2.0
Fighting       | |  2.9
Throwing       | |  1.7

Action                   |  1- 3 |  4- 6 || total
-------------------------+-------+-------++-------
Melee: Flail             |   120 |   125 ||   245
Throw: Throwing net      |       |     2 ||     2
  Use: Potion            |       |     6 ||     6
 Stab: Sleeping          |     2 |     2 ||     4
  Eat: Chunk             |       |     4 ||     4
Armor: Leather armour    |    45 |     6 ||    51
       Ring mail         |       |    28 ||    28
Dodge: Dodged            |   104 |    93 ||   197
